 Dungeon Crawl Stone Soup version 0.20.1-1-g8b1a95d (webtiles) character file.

340 markt42 the Cudgeler (level 6, -11/57 HPs)
             Began as a Gargoyle Fighter on Nov 26, 2017.
             Killed by divine providence
             ... invoked by an orc priest
              (12 damage)
             ... on level 3 of the Dungeon.
             The game lasted 00:03:02 (2899 turns).

markt42 the Cudgeler (Gargoyle Fighter)             Turns: 2899, Time: 00:03:02

Health: -11/57     AC: 23    Str: 24    XL:     6   Next: 56%
Magic:  6/6        EV:  2    Int:  9    God:
Gold:   163        SH: 10    Dex: 11    Spells: 5/5 levels left

rFire    . . .     SeeInvis .   o - +1 morningstar (protect)
rCold    . . .     Gourm    .   c - +0 shield
rNeg     + + +     Faith    .   (armour currently unavailable)
rPois    ∞         Spirit   .   (helmet currently unavailable)
rElec    .         Reflect  .   (cloak currently unavailable)
rCorr    .         Harm     .   (gloves currently unavailable)
MR       .....     NoTele   +   (boots currently unavailable)
Stlth    +.........             (no amulet)
Regen    0.2/turn               (no ring)
MPRegen  0.1/turn               (no ring)

@: mighty, tree-form
A: negative energy resistance 1, petrification resistance, rot immunity, AC +4
a: no special abilities


You were on level 3 of the Dungeon.
You were hungry.
You were a tree.
You visited 1 branch of the dungeon, and saw 3 of its levels.

You collected 163 gold pieces.

Inventory:

Hand Weapons
 o - a +1 morningstar of protection (weapon)
Armour
 b - a +0 scale mail (melded)
 c - a +0 shield (worn)
 k - a +0 helmet (melded)
Scrolls
 a - a scroll of enchant armour {unknown}
 e - 3 scrolls of enchant weapon {unknown}
 j - a scroll of identify {unknown}
 l - 2 scrolls of remove curse {unknown}
 n - a scroll of teleportation {unknown}
 p - a scroll of amnesia {unknown}
Potions
 d - 2 potions of might
Comestibles
 f - 4 bread rations
 g - 3 royal jellies
 m - 2 meat rations


   Skills:
 + Level 4.2 Fighting
 * Level 4.7 Maces & Flails
 * Level 4.3 Armour
 + Level 1.1 Dodging
 + Level 4.3 Shields


You had 5 spell levels left.
You didn't know any spells.

Dungeon Overview and Level Annotations

Branches:
Dungeon (3/15)

Altars:
Xom


Innate Abilities, Weirdness & Mutations

You are resistant to torment.
((Your stone body is resilient. (AC +4)))
You are immune to poison.
You resist negative energy. (rN+)
((You are resistant to electric shocks. (rElec)))
((You can survive without breathing.))
You are immune to petrification.
You are immune to rotting.


Message History

You miss something. Something hits you but does no damage.
You hit something.
Your weapon exudes an aura of protection.
An orc wizard appears from thin air!
Reactivating autopickup.
The orc wizard casts a spell.
The orc wizard flickers and vanishes!
Deactivating autopickup; reactivate with Ctrl-A.
You miss something. Something hits you but does no damage.
You barely miss something. Something hits you but does no damage.
The orc priest invokes the aid of Beogh against you.
Beogh smites you!
* * * LOW HITPOINT WARNING * * *
Something hits you but does no damage.
Unknown command.
You feel very mighty all of a sudden. Something hits you but does no damage.
The orc priest calls down the wrath of Beogh upon you.
Beogh smites you!
You die...

################..†....##.#.#..#
.......................>#.#.#..#
##########.#####.......##.#.#..#
........##.#...###.######.#.#..#
...####.##.#...# #.# #.#.#..##
##.# #.##.#...# #.# #.#.#..#.
...# #.##.#...# #.# #.#....#.
#### #.##.#..o###.#### #.#.#..#.
### #....'..o{♣.....# #.#.#<.#.
..# ####.#...##.###.# #.#.#<.#.
#.# #.######.#.#.###.#.####.
#.## #.# ##.#.#.....#.# #.
#..#### #.# #....[..#..#.####.
......# #.# #....[............
.†....# #.# #....###)(.#.#####
.)....# #.# #..........#.#
†##..## #.# ##........#.#.#


You could see an orc priest and an orc.

Vanquished Creatures
  A phantom (D:3)
  A howler monkey (D:3)
  Jessica (D:2)
  Natasha (twice) (D:3)
  Robin (D:2)
  4 adders
  An ooze (D:1)
  A worm (D:3)
  7 orcs (D:3)
  7 bats
  3 giant cockroaches
  3 hobgoblins
  7 jackals (D:2)
  7 frilled lizards
  18 goblins
  4 kobolds
  12 rats
80 creatures vanquished.

Notes
Turn   | Place    | Note
-------+----------+-------------------------------------------
     0 | D:1      | markt42 the Gargoyle Fighter began the quest for the Orb.
     0 | D:1      | Reached XP level 1. HP: 14/14 MP: 1/1
   265 | D:1      | Reached XP level 2. HP: 19/19 MP: 2/2
   818 | D:2      | Noticed Jessica
   823 | D:2      | Killed Jessica
   823 | D:2      | Reached XP level 3. HP: 16/24 MP: 3/3
   999 | D:2      | Noticed Robin
  1001 | D:2      | Reached XP level 4. HP: 29/29 MP: 4/4
  1012 | D:2      | Killed Robin
  1643 | D:2      | Found a shimmering altar of Xom.
  1798 | D:3      | Noticed a phantom
  1840 | D:3      | Killed a phantom
  1840 | D:3      | Reached skill level 1 in Dodging
  1840 | D:3      | Reached XP level 5. HP: 13/33 MP: 5/5
  2106 | D:3      | Noticed Natasha
  2117 | D:3      | Killed Natasha
  2117 | D:3      | Reached XP level 6. HP: 18/38 MP: 6/6
  2700 | D:3      | Noticed Natasha
  2711 | D:3      | Killed Natasha
  2898 | D:3      | HP: 1/57 [orc priest/divine providence (11)]
  2899 | D:3      | Killed from afar by an orc priest

Skill      XL: |  1  2  3  4 |
---------------+-------------+-----
Shields        | 4 |  4.3
Maces & Flails | 4 |  4.7
Fighting       | 4 |  4.2
Armour         | 4 |  4.3
Dodging        | 1 |  1.1

Action                   |  1- 3 |  4- 6 || total
-------------------------+-------+-------++-------
Melee: Flail             |    58 |   163 ||   221
       Morningstar       |       |    64 ||    64
  Use: Potion            |       |     4 ||     4
  Eat: Chunk             |       |     6 ||     6
Armor: Scale mail        |    25 |   102 ||   127
       Skin              |       |    11 ||    11
Dodge: Dodged            |    17 |    56 ||    73
Block: Shield            |    26 |   106 ||   132
